 Dungeon Crawl Stone Soup version 0.24-a0-784-g601f8f6d22 (webtiles) character file.

Game seed: 2701428967624790520, levelgen mode: deterministic

14283 IC0N0FSIN the Archer (level 11, -5/99 HPs)
             Began as a Green Draconian Hunter on Oct 9, 2019.
             Was a Believer of Makhleb.
             Slain by a sixfirhy (10 damage)
             ... on level 1 of the Abyss.
             The game lasted 02:07:59 (11265 turns).

IC0N0FSIN the Archer (Green Draconian Hunter)      Turns: 11265, Time: 02:07:59

Health: -5/99      AC: 13    Str: 14    XL:     11   Next: 86%
Magic:  13/13      EV: 16    Int: 15    God:    Makhleb [**....]
Gold:   1630       SH:  0    Dex: 20    Spells: 8/10 levels left

rFire    + . .     SeeInvis +   W - +4 triple sword of Getz {holy, rN+ Dex+4 SInv}
rCold    + . .     Gourm    .   (shield currently unavailable)
rNeg     + + +     Faith    .   (armour unavailable)
rPois    +         Spirit   .   T - +2 hat "Komod" {rF+ rC+ rN++ Int+4}
rElec    .         Reflect  .   D - +1 cloak
rCorr    .         Harm     .   p - +0 pair of gloves
MR       .....                  x - +0 pair of boots
Stlth    +++.......             K - amulet of regeneration
HPRegen  0.66/turn              o - ring of see invisible
MPRegen  0.13/turn              b - ring of positive energy

@: no status effects
A: breathe noxious fumes, unfitting armour, poison resistance, cold-blooded, AC
+7
a: Breathe Noxious Fumes, Minor Destruction, Renounce Religion


You were on level 1 of the Abyss.
You worshipped Makhleb.
Makhleb was pleased with you.
You were hungry.

You visited 3 branches of the dungeon, and saw 12 of its levels.
You visited the Abyss 1 time.

You collected 1630 gold pieces.

Inventory:

Hand Weapons
 a - a +6 shortbow
 t - a +0 flail of protection
 y - a +2 long sword of electrocution
 J - a +2 rapier of electrocution
 R - a +2 war axe of chopping
 W - the +4 triple sword of Getz (weapon) {holy, rN+ Dex+4 SInv}
   (You found it on level 1 of the Orcish Mines)

   It has been blessed by the Shining One to cause great damage to the undead
   and demons.
   It affects your dexterity (+4).
   It protects you from negative energy.
   It lets you see invisible.
Missiles
 C - 5 javelins (quivered)
 G - 2 throwing nets
 Q - 34 boomerangs
Armour
 p - a +0 pair of gloves (worn)
 x - a +0 pair of boots (worn)
 D - a +1 cloak (worn)
 T - the +2 hat "Komod" (worn) {rF+ rC+ rN++ Int+4}
   (You found it on level 1 of the Orcish Mines)

   It affects your intelligence (+4).
   It protects you from fire.
   It protects you from cold.
   It greatly protects you from negative energy.
Magical Staves
 v - an uncursed staff of cold {unknown}
Jewellery
 b - a ring of positive energy (right hand)
 f - a +6 ring of intelligence
 g - an uncursed amulet of harm
 o - a ring of see invisible (left hand)
 q - an uncursed amulet of faith
 B - an uncursed ring of fire
 F - an uncursed amulet of guardian spirit
 H - an uncursed ring of ice
 K - an amulet of regeneration (around neck)
 V - a cursed amulet of inaccuracy {unknown}
Wands
 j - a wand of random effects (16)
 r - a wand of disintegration (20)
 z - a wand of paralysis (11)
 N - a wand of scattershot (6)
Scrolls
 e - 8 scrolls of teleportation
 n - 3 scrolls of remove curse
 u - 3 scrolls of amnesia
 I - a scroll of fear
 M - 3 scrolls of identify
Potions
 c - 2 potions of heal wounds
 h - 2 potions of invisibility {unknown}
 i - 3 potions of mutation
 m - a potion of flight {unknown}
 s - 2 potions of curing {unknown}
 w - a potion of cancellation {unknown}
 E - a potion of brilliance {unknown}
 L - a potion of resistance {unknown}
 P - a potion of agility {unknown}
Miscellaneous
 S - a lightning rod (4/4)
 U - a box of beasts
 X - a fan of gales
Comestibles
 d - 12 rations


   Skills:
 + Level 9.8 Fighting
 + Level 2.7(3.5) Short Blades
 + Level 3.3(3.8) Long Blades
 + Level 13.3 Bows
 + Level 1.6 Throwing
 + Level 5.8 Dodging
 + Level 3.3 Stealth
 + Level 3.8 Invocations


You had 8 spell levels left.
You knew the following spells:

 Your Spells              Type           Power        Failure   Level  Hunger
a - Blink                 Tloc           N/A          38%         2    ###....

Your spell library contained the following spells:

 Spells                   Type           Power        Failure   Level  Hunger
 Magic Dart               Conj           #...         26%         1    ##.....
 Call Imp                 Summ           #.......     38%         2    ###....
 Passwall                 Tmut/Erth      #.......     38%         2    ###....
 Slow                     Hex            #.......     38%         2    ###....
 Swiftness                Chrm/Air       #.......     38%         2    ###....
 Conjure Flame            Conj/Fire      #.......     63%         3    ####...
 Mephitic Cloud           Conj/Pois/Air  #.......     63%         3    ####...
 Passage of Golubria      Tloc           N/A          95%         4    #####..
 Lee's Rapid Deconstruct  Erth           #.........   100%        5    ######.
 Darkness                 Hex            #.........   100%        6    #######
 Invisibility             Hex            #.......     100%        6    #######


Dungeon Overview and Level Annotations

Branches:
Dungeon (9/15)             Temple (1/1) D:4             Orc (2/2) D:9
   Lair: D:8-11         Elf: Orc:2

Altars:
Ashenzari
Cheibriados
Dithmenos
Elyvilon
Fedhas
Gozag
Hepliaklqana
Kikubaaqudgha
Makhleb
Nemelex Xobeh
Okawaru
Qazlal
Ru
Sif Muna
Trog
Uskayaw
Vehumet
Wu Jian
Xom
Yredelemnul
Zin
The Shining One

Shops:
D:8 %

Annotations:
D:7 gouglew's ghost, novice GrFi
Orc:2 Erolcha


Innate Abilities, Weirdness & Mutations

You can breathe blasts of noxious fumes.
Your lurid green scales are hard. (AC +7)
You cannot fit into any form of body armour.
Your system is resistant to poisons. (rPois)
You are cold-blooded and may be slowed by cold attacks.


Message History

You riposte.
You closely miss the sixfirhy.
You tail-slap the sixfirhy, but do no damage.
The sixfirhy misses you.
The worldbinder calls forth creatures from the Crypt!
The sixfirhy closely misses you.
You riposte.
You miss the sixfirhy.
You tail-slap the sixfirhy, but do no damage.
The worldbinder calls forth creatures from the Crypt!
The worldbinder hits you but does no damage. x2
The worldbinder hits you but does no damage.
The worldbinder misses you. The wraith barely misses you.
The sixfirhy hits you! The sixfirhy shocks you! The sixfirhy hits you!
* * * LOW HITPOINT WARNING * * *
The sixfirhy shocks you!
* * * LOW HITPOINT WARNING * * *
The sixfirhy closely misses you. The worldbinder hits you!
* * * LOW HITPOINT WARNING * * *
The worldbinder barely misses you. The sixfirhy hits you.
* * * LOW HITPOINT WARNING * * *
The sixfirhy shocks you!
You die...

.. ##.. #.## #####..
.#.#.# #.....
...#.##.#..###
#..#..##....#
##...........##
###.....#.# ..#.# .#
#..#.3.#..##.##.##..#
#.@WW.#..#.... # .
#...x#.#...##..##..#
##.#..#..##.#..#.# .
#.######## #.##.#...
## ##.##..#. #....#.
##....# #..# #.#
#..## #


You could see a worldbinder, a sixfirhy and 2 wraiths.

Vanquished Creatures
  An orc warlord (Orc:1)
  An orc knight (Orc:2)
  An orc sorcerer (Orc:1)
  Joseph (D:7)
  A troll (Orc:1)
  A hippogriff (D:7)
  3 yaks (D:9)
  A steam dragon (D:6)
  A small abomination (Abyss:1)
  3 wargs
  Edmund (D:4)
  A water moccasin (D:7)
  Duvessa (D:6)
  A black bear (D:9)
  23 orc warriors
  8 phantoms
  A sky beast (D:9)
  2 ice beasts
  5 ogres
  3 centaurs
  A big kobold (D:7)
  4 bullfrogs
  A gnoll sergeant (D:9)
  4 scorpions
  Dowan (D:6)
  3 howler monkeys (D:9)
  A centaur zombie (D:8)
  2 crimson imps
  A bullfrog zombie (D:6)
  3 quasits
  6 jellies
  6 hounds
  15 orc priests
  A centaur skeleton (D:4)
  5 iguanas
  18 orc wizards
  4 worker ants
  A hound zombie (D:8)
  2 hound skeletons (D:7)
  A killer bee simulacrum (D:8)
  A worker ant zombie (D:5)
  6 gnolls
  12 adders
  2 howler monkey skeletons
  A hound simulacrum (D:8)
  3 shadow imps
  2 white imps (D:8)
  An ooze (D:3)
  2 adder zombies
  3 adder skeletons
  2 dart slugs (D:2)
  5 leopard geckos
  66 orcs
  2 ball pythons (D:4)
  3 bats
  10 giant cockroaches
  5 goblins
  3 hobgoblins
  13 jackals
  3 kobolds
  3 quokkas
  2 frilled lizards
  A jackal simulacrum (D:8)
  9 rats
300 creatures vanquished.

Vanquished Creatures (collateral kills)
  An orc warlord (Orc:1)
  3 orc knights (Orc:1)
  5 orc sorcerers
  A centaur zombie (D:9)
  A troll (Orc:1)
  A yak (D:9)
  A wyvern (D:9)
  A warg (Orc:1)
  A small abomination (Abyss:1)
  7 orc warriors
  2 ice beasts
  2 ogres (Orc:1)
  A necrophage (D:9)
  A bullfrog (D:9)
  5 orc priests (Orc:1)
  3 orc wizards (Orc:1)
  A worker ant (D:9)
  2 gnolls (D:9)
  19 orcs (Orc:1)
  2 jackals (D:9)
60 creatures vanquished.

Grand Total: 360 creatures vanquished

Notes
Turn   | Place    | Note
-------+----------+-------------------------------------------
     0 | D:1      | IC0N0FSIN the Draconian Hunter began the quest for the Orb.
     0 | D:1      | Reached XP level 1. HP: 17/17 MP: 1/1
     6 | D:1      | Noticed a swamp worm
     6 | D:1      | Noticed a polar bear
     7 | D:1      | Noticed a wolf
     7 | D:1      | Noticed a worker ant
   629 | D:2      | Reached XP level 2. HP: 24/24 MP: 2/2
   671 | D:2      | Reached skill level 4 in Bows
   843 | D:2      | Reached skill level 1 in Stealth
   843 | D:2      | Reached XP level 3. HP: 27/29 MP: 3/3
  1102 | D:2      | Reached XP level 4. HP: 35/37 MP: 4/4
  1816 | D:3      | Found a glowing drain.
  1922 | D:3      | Reached skill level 5 in Bows
  2150 | D:3      | Found a white marble altar of Elyvilon.
  2305 | D:3      | Reached XP level 5. HP: 42/42 MP: 5/5
  2596 | D:4      | Found a burning altar of Makhleb.
  2616 | D:4      | Became a worshipper of Makhleb the Destroyer
  2650 | D:4      | Found a staircase to the Ecumenical Temple.
  2665 | Temple   | Entered the Ecumenical Temple
  2936 | D:4      | Reached XP level 6. HP: 51/51 MP: 6/6
  2971 | D:4      | Reached skill level 6 in Bows
  3123 | D:4      | Your scales start taking on a lurid green colour.
  3123 | D:4      | Reached XP level 7. HP: 59/59 MP: 7/7
  3123 | D:4      | Gained mutation: Your system is resistant to poisons.
                  | (rPois) [Green Draconian growth]
  3194 | D:4      | Noticed Edmund
  3221 | D:4      | Killed Edmund
  3221 | D:4      | Reached skill level 7 in Bows
  3291 | D:4      | Reached * piety under Makhleb
  3518 | D:5      | Entered Level 5 of the Dungeon
  3521 | D:5      | Found a hazy altar of Hepliaklqana.
  3811 | D:5      | Reached skill level 8 in Bows
  3811 | D:5      | Reached XP level 8. HP: 67/67 MP: 8/8
  4106 | D:6      | Reached skill level 5 in Fighting
  4392 | D:6      | Found an opulent altar of Gozag.
  4422 | D:6      | Noticed Duvessa
  4422 | D:6      | Noticed Dowan
  4431 | D:6      | Killed Dowan
  4444 | D:6      | Killed Duvessa
  4444 | D:6      | Reached ** piety under Makhleb
  4444 | D:6      | Reached skill level 9 in Bows
  5316 | D:6      | Reached XP level 9. HP: 37/75 MP: 9/9
  5504 | D:7      | Reached skill level 10 in Bows
  5739 | D:7      | Reached skill level 1 in Long Blades
  5790 | D:7      | Reached *** piety under Makhleb
  5957 | D:7      | Noticed Joseph
  5995 | D:7      | Killed Joseph
  6131 | D:7      | Found a glowing golden altar of the Shining One.
  6136 | D:7      | Found a shattered altar of Ashenzari.
  6143 | D:7      | Found a radiant altar of Vehumet.
  6197 | D:7      | Found an iron altar of Okawaru.
  6433 | D:8      | Found a basalt altar of Yredelemnul.
  6469 | D:8      | Reached skill level 11 in Bows
  6470 | D:8      | Found Nats's Food Emporium.
  6687 | D:8      | Found a runed translucent gate.
  6687 | D:8      | Found a runed translucent gate.
  6687 | D:8      | Found a runed translucent gate.
  6915 | D:8      | Noticed gouglew's ghost (novice GrFi)
  6955 | D:9      | Reached XP level 10. HP: 86/86 MP: 10/10
  7222 | D:9      | Reached skill level 1 in Short Blades
  7415 | D:9      | Reached skill level 1 in Throwing
  7739 | D:8      | Learned a level 2 spell: Blink
  7835 | D:9      | Reached skill level 12 in Bows
  7989 | D:9      | Found a staircase to the Orcish Mines.
  8297 | D:9      | Reached skill level 1 in Invocations
  8429 | Orc:1    | Entered Level 1 of the Orcish Mines
  8439 | Orc:1    | Reached **** piety under Makhleb
  8508 | Orc:1    | Noticed an orc sorcerer
  8521 | Orc:1    | Noticed a smoke demon
  8522 | Orc:1    | Killed an orc sorcerer
  8739 | Orc:1    | Noticed an orc sorcerer
  8743 | Orc:1    | Noticed an orc knight
  8767 | Orc:1    | Killed an orc sorcerer
  8767 | Orc:1    | Reached skill level 5 in Dodging
  8767 | Orc:1    | Reached XP level 11. HP: 47/95 MP: 11/11
  8797 | Orc:1    | Killed an orc knight
  8982 | Orc:1    | Noticed an orc warlord
  9114 | Orc:1    | Killed an orc warlord
  9172 | Orc:1    | Noticed an orc knight
  9266 | Orc:1    | Killed an orc knight
  9341 | Orc:1    | Identified the cursed +0 scale mail of Fun {rN+}
  9343 | Orc:1    | Noticed an orc warlord
  9497 | Orc:1    | Killed an orc warlord
  9497 | Orc:1    | Reached skill level 13 in Bows
  9656 | Orc:1    | Got a crude hat
  9662 | Orc:1    | Identified the +2 hat "Komod" {rF+ rC+ rN++ Int+4} (You
                  | found it on level 1 of the Orcish Mines)
  9693 | Orc:1    | Got an iridescent triple sword
  9710 | Orc:1    | Identified the +4 triple sword of Getz {holy, rN+ Dex+4
                  | SInv} (You found it on level 1 of the Orcish Mines)
  9884 | Orc:1    | Noticed an orc sorcerer
  9896 | Orc:1    | Killed an orc sorcerer
 10032 | Orc:1    | Noticed an orc knight
 10043 | Orc:1    | Noticed an orc sorcerer
 10049 | Orc:1    | Killed an orc knight
 10193 | Orc:1    | Killed an orc sorcerer
 10548 | Orc:2    | Entered Level 2 of the Orcish Mines
 10690 | Orc:2    | Noticed an orc knight
 10693 | Orc:2    | Noticed an orc sorcerer
 10695 | Orc:2    | Noticed an orc sorcerer
 10706 | Orc:2    | Killed an orc sorcerer
 10853 | Orc:2    | Killed an orc sorcerer
 10932 | Orc:2    | Killed an orc knight
 11093 | Orc:2    | Noticed Erolcha
 11101 | Orc:2    | Cast into level 1 of the Abyss (Erolcha)
 11118 | Abyss:1  | Noticed a daeva
 11236 | Abyss:1  | Noticed a sixfirhy
 11265 | Abyss:1  | Slain by a sixfirhy

Levels and vault maps discovered:
D:1:      onia_arrival_zoo_common, layout_basic
D:2:      layout_basic
D:3:      layout_basic, old_standard_altar, portal_sewer_entry_a
D:4:      layout_rooms, makhleb_heckhound_becter, temple_doors_ab, first_ration,
          uniq_edmund
D:5:      layout_basic, kennysheep_mini_moat, lightli_corner_chamber
D:6:      layout_loops_corners, kennysheep_mini, uniq_duvessa
D:7:      cheibrodos_fzero, layout_basic, lemuel_doored_altar,
          grunt_temple_overflow_open, uniq_joseph
D:8:      layout_cave_pools, old_standard_altar, gammafunk_ghost_icy,
          serial_shops, shop
D:9:      layout_basic, orc_0_dummy, grunt_pizzeria
Temple:   nicolae_temple_figure_eight
Orc:1:    layout_caves, minmay_orc_treasury
Orc:2:    pf_orc_diabolical, layout_diamond_mine, serial_shops, shop,
          uniq_erolcha
Abyss:1

Skill      XL: |  1  2  3  4  5  6  7  8  9 10 11 |
---------------+----------------------------------+-----
Bows           | 4 5 6 8 9 11 12 13 | 13.3
Dodging        | 2 3 4 5 |  5.8
Stealth        | 1 2 3 |  3.3
Fighting       | 3 4 6 7 8 9 |  9.8
Long Blades    | 1 3 |  3.3
Short Blades   | 2 |  2.7
Throwing       | 1 |  1.6
Invocations    | 1 3 |  3.8

Action                   |  1- 3 |  4- 6 |  7- 9 | 10-12 || total
-------------------------+-------+-------+-------+-------++-------
Melee: Short sword       |    16 |     5 |       |       ||    21
       Tailslap          |     1 |     2 |     3 |    17 ||    23
       Long sword        |       |       |    19 |       ||    19
       Rapier            |       |       |       |    34 ||    34
       Triple sword      |       |       |       |    24 ||    24
 Fire: Shortbow          |    65 |   151 |   453 |   541 ||  1210
Throw: Javelin           |       |       |    10 |    14 ||    24
       Throwing net      |       |       |       |     2 ||     2
       Boomerang         |       |       |       |     1 ||     1
Invok: Minor Destruction |       |       |     1 |       ||     1
       Lesser Servant of |       |       |       |    37 ||    37
       Major Destruction |       |       |       |     1 ||     1
 Abil: Breathe Noxious F |       |       |    13 |    10 ||    23
  Use: Scroll            |     5 |     5 |     8 |     3 ||    21
       Potion            |       |       |     1 |     3 ||     4
 Stab: Confused          |       |       |       |     2 ||     2
  Eat: Chunk             |       |     7 |    13 |    14 ||    34
Armor: Skin              |     9 |    21 |    79 |    46 ||   155
Dodge: Dodged            |    29 |    36 |   147 |   165 ||   377
       Rpst.: Long sword |       |       |     3 |       ||     3
       Triple sword      |       |       |       |     9 ||     9

Table legend:
 A = Non-vault XP
 B = Vault XP
 C = Vault XP percentage of total XP
 D = Non-vault monster count
 E = Vault monster count
 F = Vault count percentage of total count
                 A         B        C        D         E       F
            +---------+---------+-------+---------+---------+-------
      Total |   12965 |    7440 |  36.5 |     279 |      81 |  22.5
            +---------+---------+-------+---------+---------+-------
        D:1 |       4 |       0 |   0.0 |       3 |       0 |   0.0
        D:2 |     110 |       0 |   0.0 |      25 |       0 |   0.0
        D:3 |      88 |       7 |   7.4 |      24 |       5 |  17.2
        D:4 |     560 |     204 |  26.7 |      26 |       2 |   7.1
        D:5 |     489 |       0 |   0.0 |       7 |       0 |   0.0
        D:6 |    1051 |     512 |  32.8 |      23 |       6 |  20.7
        D:7 |     483 |    1285 |  72.7 |      17 |      13 |  43.3
        D:8 |     737 |     150 |  16.9 |      22 |       6 |  21.4
        D:9 |    3193 |     130 |   3.9 |      52 |       1 |   1.9
      Orc:1 |    4308 |    5109 |  54.3 |      66 |      47 |  41.6
      Orc:2 |    1694 |      43 |   2.5 |      12 |       1 |   7.7
    Abyss:1 |     248 |       0 |   0.0 |       2 |       0 |   0.0
            +---------+---------+-------+---------+---------+-------
